 Dungeon Crawl Stone Soup version 0.26.0-10-g1f06aea511 (webtiles) character file.

Game seed: 17823970653187708815

5012 Dirian the Carver (level 10, -5/86 HPs)
             Began as a Minotaur Fighter on Jan 22, 2021.
             Was a Believer of the Shining One.
             Slain by Snorg (7 damage)
             ... on level 10 of the Dungeon.
             The game lasted 00:11:21 (9035 turns).

Dirian the Carver (Minotaur Fighter)                Turns: 9035, Time: 00:11:21

Health: -5/86      AC: 13    Str: 22    XL:     10   Next: 29%
Magic:  8/11       EV:  8    Int:  5    God:    the Shining One [**....]
Gold:   529        SH: 18    Dex: 12    Spells: 9/9 levels left

rFire    . . .     SeeInvis .   a - +1 long sword
rCold    . . .     Faith    .   c - +1 kite shield
rNeg     + . .     Spirit   .   o - +0 chain mail
rPois    .         Reflect  .   (helmet restricted)
rElec    .         Harm     .   p - +0 cloak
rCorr    .         Rampage  .   (no gloves)
Will     .....                  k - +0 pair of boots
Stlth    ..........             (no amulet)
HPRegen  0.24/turn              (no ring)
MPRegen  0.12/turn              (no ring)

@: divine shield, about to teleport, glowing
A: retaliatory headbutt, horns 2
a: Renounce Religion, Divine Shield


You were on level 10 of the Dungeon.
You worshipped the Shining One.
The Shining One was pleased with you.
You visited 2 branches of the dungeon, and saw 11 of its levels.

You collected 529 gold pieces.

Inventory:

Hand Weapons
 a - a +1 long sword (weapon)
Armour
 c - a +1 kite shield (worn)
 k - a +0 pair of boots (worn)
 o - a +0 chain mail (worn)
 p - a +0 cloak (worn)
 A - a +0 plate armour
Wands
 e - a wand of disintegration (38)
 v - a wand of digging (2)
 y - a wand of paralysis (10)
Scrolls
 f - 4 scrolls of enchant armour
 h - a scroll of magic mapping
 i - 2 scrolls of enchant weapon
 r - 2 scrolls of identify
 s - 2 scrolls of acquirement
 x - a scroll of remove curse
Potions
 b - a potion of cancellation
 d - 2 potions of might
 g - 2 potions of lignification
 j - 3 potions of attraction
 l - a potion of mutation
 m - a potion of invisibility
 n - a potion of resistance
 q - a potion of curing
 u - a potion of berserk rage
 w - a potion of heal wounds
 z - a potion of flight


   Skills:
 + Level 7.5 Fighting
 + Level 10.9 Long Blades
 + Level 8.3 Armour
 - Level 5.0 Dodging
 + Level 5.9 Shields
 * Level 3.3 Invocations
 - Level 5.0 Evocations


You had 9 spell levels left.
You didn't know any spells.
Your spell library was empty.

Dungeon Overview and Level Annotations

Branches:
Dungeon (10/15)            Temple (1/1) D:5            Lair (0/6) D:8
    Orc: D:9-12

Altars:
Ashenzari
Cheibriados
Dithmenos
Elyvilon
Fedhas
Gozag
Hepliaklqana
Kikubaaqudgha
Makhleb
Nemelex Xobeh
Okawaru
Qazlal
Ru
Sif Muna
Trog
Uskayaw
Vehumet
Wu Jian
Xom
Yredelemnul
Zin
The Shining One
Lugonu

Portals:
Abyss: D:9

Annotations:
D:10 Snorg


Innate Abilities, Weirdness & Mutations

You reflexively headbutt those who attack you in melee.
You have a pair of horns on your head.


Message History

Snorg claws you! Snorg claws you but does no damage.
As you read the scroll of teleportation, it crumbles to dust.
You feel strangely unstable.
You block Snorg's attack. x2; Snorg claws you.
The cyclops throws a large rock.
The large rock hits you!
* * * LOW HITPOINT WARNING * * *
Snorg bites you!
* * * LOW HITPOINT WARNING * * *
Snorg claws you!
* * * LOW HITPOINT WARNING * * *
You block Snorg's attack.
Evoke which item? (* to show all) (? for menu, Esc to quit)
Aiming: Dig
Press: ? - help, Shift-Dir - straight line A rock wall.
This square is lit by a halo.
The rock shatters into small pieces.
You feel yourself speed up.
The cyclops throws a large rock.
You block the large rock.
You block Snorg's attack. x2; Snorg claws you!
You die...

... .. +
.. .#.
##.. .C#
#.# #@#
#.T#
#.......#
##.######
#.# ..#
#.# ..


You could see Snorg and a cyclops.

Vanquished Creatures
  A troll (D:9)
  A wraith (D:10)
  4 yaks (D:8)
  Menkaure (D:6)
  Edmund (D:5)
  2 water moccasins
  Duvessa (D:6)
  An ice beast (D:8)
  2 sky beasts
  2 orc warriors
  A phantom (D:9)
  3 necrophages (D:7)
  An ogre (D:4)
  3 centaurs
  3 bullfrogs
  Dowan (D:7)
  4 scorpions
  5 wights
  8 killer bees
  2 howler monkeys
  3 bullfrog zombies
  2 centaur skeletons
  3 hounds
  3 bullfrog skeletons
  3 orc priests
  Crazy Yiuf (D:5)
  A gnoll shaman (D:4)
  4 iguanas
  7 worker ants
  5 orc wizards
  A hound zombie (D:5)
  A hound skeleton (D:9)
  A mummy (D:7)
  A howler monkey zombie (D:7)
  Robin (D:2)
  11 adders
  8 gnolls
  A howler monkey skeleton (D:6)
  5 white imps
  2 oozes
  An adder zombie (D:6)
  3 worms
  3 dart slugs
  8 leopard geckos
  22 orcs
  4 ball pythons
  9 bats
  5 giant cockroaches
  19 goblins
  8 hobgoblins
  10 jackals
  4 quokkas
  6 frilled lizards
  11 kobolds
  A leopard gecko skeleton (D:4)
  9 rats
  2 lurking horrors (D:9)
236 creatures vanquished.

Notes
Turn   | Place    | Note
-------+----------+-------------------------------------------
     0 | D:1      | Dirian the Minotaur Fighter began the quest for the Orb.
     0 | D:1      | Reached XP level 1. HP: 19/19 MP: 0/0
   167 | D:1      | Reached XP level 2. HP: 27/27 MP: 1/1
   793 | D:2      | Reached skill level 1 in Evocations
   793 | D:2      | Reached XP level 3. HP: 33/33 MP: 2/2
   864 | D:2      | Reached skill level 3 in Long Blades
  1217 | D:2      | Reached XP level 4. HP: 40/40 MP: 3/3
  1345 | D:2      | Noticed Robin
  1368 | D:2      | Killed Robin
  2101 | D:3      | Reached XP level 5. HP: 47/47 MP: 4/4
  2505 | D:4      | Reached skill level 4 in Long Blades
  2505 | D:4      | Reached skill level 1 in Dodging
  2728 | D:4      | Reached XP level 6. HP: 53/53 MP: 5/5
  2840 | D:4      | Reached skill level 5 in Shields
  2934 | D:4      | Reached skill level 5 in Long Blades
  3188 | D:4      | Reached skill level 5 in Armour
  3188 | D:4      | Reached XP level 7. HP: 31/60 MP: 6/6
  3437 | D:4      | Reached skill level 5 in Fighting
  3699 | D:5      | Entered Level 5 of the Dungeon
  3788 | D:5      | Noticed Edmund
  3814 | D:5      | Killed Edmund
  3815 | D:5      | Reached skill level 6 in Long Blades
  3962 | D:5      | Found a staircase to the Ecumenical Temple.
  4059 | D:5      | Reached XP level 8. HP: 67/69 MP: 7/7
  4439 | D:5      | Reached skill level 7 in Long Blades
  4506 | D:5      | Found a runed translucent door.
  4507 | D:5      | Noticed Crazy Yiuf
  4756 | D:5      | Killed Crazy Yiuf
  4822 | Temple   | Entered the Ecumenical Temple
  5167 | Temple   | Became a worshipper of the Shining One
  5393 | D:6      | Noticed Menkaure
  5409 | D:6      | Killed Menkaure
  5437 | D:6      | Reached skill level 8 in Long Blades
  5944 | D:6      | Found a burning altar of Makhleb.
  5944 | D:6      | Noticed a blizzard demon
  5944 | D:6      | Reached * piety under the Shining One
  5947 | D:6      | Noticed a hellwing
  5951 | D:6      | Identified a scroll of acquirement
  5988 | D:7      | Reached XP level 9. HP: 66/75 MP: 8/8
  5991 | D:7      | Noticed Dowan
  5992 | D:7      | Noticed Duvessa
  5998 | D:7      | Killed Dowan
  6020 | D:6      | Killed Duvessa
  6403 | D:7      | Reached skill level 9 in Long Blades
  6735 | D:7      | Reached ** piety under the Shining One
  6743 | D:7      | Reached skill level 5 in Evocations
  6775 | D:7      | Found an opulent altar of Gozag.
  6775 | D:7      | Found a snail-covered altar of Cheibriados.
  6776 | D:7      | Found an ornate altar of the Wu Jian Council.
  6776 | D:7      | Found a sacrificial altar of Ru.
  6777 | D:7      | Found a hide-covered altar of Uskayaw.
  6777 | D:7      | Found a shadowy altar of Dithmenos.
  6777 | D:7      | Found an ancient bone altar of Kikubaaqudgha.
  6777 | D:7      | Found a radiant altar of Vehumet.
  6785 | D:7      | Reached skill level 5 in Dodging
  7032 | D:8      | Reached skill level 1 in Invocations
  7050 | D:8      | Reached skill level 10 in Long Blades
  7299 | D:8      | Found a staircase to the Lair.
  7474 | D:8      | Found a white marble altar of Elyvilon.
  7488 | D:8      | Reached XP level 10. HP: 60/86 MP: 10/10
  8416 | D:9      | Found a one-way gate to the infinite horrors of the Abyss.
  8418 | D:9      | Found a corrupted altar of Lugonu.
  9022 | D:10     | Entered Level 10 of the Dungeon
  9024 | D:10     | Noticed a cyclops
  9031 | D:10     | Noticed Snorg
  9034 | D:10     | HP: 2/86 [Snorg (10)]
  9035 | D:10     | Slain by Snorg

Illustrated notes

Levels and vault maps discovered:
D:1:      evilmike_arrival_hilbert_curve, layout_basic
D:2:      layout_rooms, minmay_cut_off, uniq_robin
D:3:      layout_basic
D:4:      layout_rooms, minmay_misc_feat_roman, st_stairs_11
D:5:      layout_loops_corners, minmay_temple_entry_wispy,
          uniq_crazy_yiuf_cottage, uniq_edmund
D:6:      layout_basic, makhleb_altar_promises_db, uniq_menkaure
D:7:      layout_basic, grunt_temple_overflow_open, serial_undead,
          serial_undead_a, serial_undead_c, serial_undead_b, serial_undead_a,
          serial_undead_e, serial_undead_e, serial_park_tiny_1, uniq_duvessa
D:8:      layout_loops_ring, kennysheep_mini_moat, lair_entry_dummy
D:9:      layout_roguey, serial_rivers, chequers_serial_rivers_micro_b,
          chequers_serial_rivers_micro_a, chequers_serial_rivers_micro_c,
          chequers_serial_rivers_micro_c, chequers_serial_rivers_room_b,
          minivault_19, amcnicky_altar_lugonu_corruption
D:10:     layout_basic, orc_david_3, uniq_snorg, uniq_nergalle
Temple:   nicolae_temple_figure_eight

Skill      XL: |  1  2  3  4  5  6  7  8  9 10 |
---------------+-------------------------------+-----
Shields        | 4 5 |  5.9
Evocations     | 1 2 3 4 5 |  5.0
Armour         | 4 5 6 7 8 |  8.3
Fighting       | 4 5 6 7 |  7.5
Long Blades    | 3 4 5 6 8 10 | 10.9
Dodging        | 1 2 4 5 |  5.0
Invocations    | 2 3 |  3.3

Action                   |  1- 3 |  4- 6 |  7- 9 | 10-12 || total
-------------------------+-------+-------+-------+-------++-------
Melee: Long sword        |    91 |   155 |   358 |    82 ||   686
       Headbutt          |    15 |    28 |    84 |    17 ||   144
Invok: Divine Shield     |       |       |       |     2 ||     2
Evoke: Wand              |       |       |       |     1 ||     1
  Use: Scroll            |       |    10 |     9 |     3 ||    22
Armor: Scale mail        |    42 |    61 |    35 |       ||   138
       Chain mail        |       |       |    74 |    33 ||   107
Dodge: Dodged            |    40 |    42 |    91 |    26 ||   199
Block: Kite shield       |    60 |    82 |   155 |    51 ||   348
       Rpst.: Long sword |     6 |    11 |    29 |     8 ||    54
